Map: Orbital Shipyard

Players

Lambo

  • Race: Zerg Zerg
  • League: Grandmaster

Solar - Winner!

  • Race: Zerg Zerg
  • League: Gold

Event: DreamHack ROCCAT LotV Championship

VOD

Have the link to the VOD?

Description

Time

  • Played on: Nov. 26, 2015, 9:14 a.m.
  • Length: 6:40

All games in this series

Show
View Real Time Build Order
Export as new Build Order

Lambo Zerg 

Build Orders: Hatch First 

Get SALT Encoding   

  12  0:01  Drone  
  13  0:13  Overlord  
  13  0:17  Drone  
  14  0:31  Drone x2  
  16  0:38  Drone  
  17  0:51  Hatchery  
  17  0:54  Drone  
  17  1:07  Spawning Pool  
  17  1:09  Extractor  
  15  1:12  Drone  
  15  1:15  Drone  
  17  1:20  Drone  
  18  1:28  Drone  
  19  1:41  Overlord  
  19  1:54  Drone  
  19  1:59  Queen  
  22  2:02  Drone  
  22  2:03  Queen  
  22  2:04  Zergling x2  
  26  2:10  Metabolic Boost  
  26  2:15  Drone x2  
  28  2:23  Evolution Chamber  
  28  2:24  Drone  
  28  2:28  Drone  
  29  2:34  Drone  
  30  2:38  Overlord  
  30  2:45  Zergling x2  
  30  2:48  Drone  
  32  2:52  Zerg Melee Weapons Level 1  
  33  3:05  Zergling x4  
  33  3:06  Zergling x2  
  34  3:13  Zergling x4  
  34  3:14  Baneling Nest, Zergling x6  
  38  3:24  Drone  
  39  3:27  Hatchery  
  39  3:30  Drone, Zergling x2  
  39  3:31  Drone  
  41  3:36  Overlord  
  41  3:46  Drone  
  41  3:47  Drone  
  39  4:01  Zergling x10  
  44  4:07  Zergling x4  
  41  4:10  Queen  
  41  4:12  Baneling  
  41  4:13  Zergling x2, Baneling  
  41  4:14  Zergling x2  
  45  4:20  Baneling  
  45  4:21  Baneling  
  45  4:24  Zergling x2  
  44  4:35  Zergling x6  
  47  4:52  Zergling x2  
  47  4:53  Zergling x14  
  53  5:02  Extractor  
  53  5:05  Hatchery  
  53  5:06  Baneling x2  
  50  5:08  Zergling x8  
  50  5:12  Baneling  
  54  5:18  Zergling x8  
  52  5:35  Zergling x12  
  58  5:38  Overlord  
  57  5:43  Zergling x2  
  57  5:44  Overlord  
  57  5:48  Overlord, Baneling x2  
  58  5:52  Overlord  
  58  5:58  Zergling x10  
  62  6:04  Zergling x4  
  62  6:05  Zergling x6  
  63  6:13  Zergling x4  
  63  6:14  Zergling x4  
Show
View Real Time Build Order
Export as new Build Order

Solar Zerg - Winner!

Build Orders: Hatch First, Zergling Baneling 

Get SALT Encoding   

  12  0:01  Drone  
  13  0:12  Overlord  
  13  0:17  Drone  
  14  0:31  Drone x2  
  14  0:35  Drone  
  17  0:51  Hatchery  
  17  0:54  Drone  
  17  0:57  Drone  
  17  1:03  Extractor  
  17  1:07  Drone  
  18  1:15  Spawning Pool  
  17  1:19  Drone  
  18  1:30  Drone  
  19  1:39  Overlord  
  19  1:49  Drone  
  20  2:02  Queen  
  20  2:03  Queen  
  20  2:04  Drone  
  20  2:05  Zergling x2  
  26  2:12  Zergling x2  
  26  2:14  Drone  
  28  2:16  Metabolic Boost  
  28  2:23  Drone  
  28  2:26  Baneling Nest  
  28  2:27  Drone  
  29  2:32  Drone  
  29  2:35  Drone  
  31  2:46  Drone  
  32  2:54  Hatchery  
  32  2:55  Overlord  
  32  2:58  Zergling x2  
  32  3:00  Drone  
  32  3:05  Drone  
  33  3:13  Zergling x2  
  33  3:15  Drone x4  
  33  3:19  Zergling x4  
  40  3:22  Zergling x2  
  40  3:26  Zergling x2  
  42  3:31  Baneling x2  
  42  3:33  Overlord, Baneling x2  
  42  3:35  Zergling x2  
  42  3:39  Baneling x2  
  43  3:46  Zergling x2  
  43  3:48  Overlord  
  44  3:53  Zergling x12  
  49  4:02  Zergling x2  
  50  4:07  Drone x2  
  51  4:10  Drone, Extractor  
  51  4:11  Roach Warren  
  51  4:13  Queen  
  51  4:15  Drone  
  51  4:16  Drone  
  54  4:18  Drone  
  54  4:21  Drone  
  54  4:23  Drone  
  57  4:28  Drone  
  57  4:30  Drone  
  58  4:31  Zergling x2  
  58  4:32  Zergling x4  
  52  4:47  Overlord x2  
  52  4:50  Overlord  
  52  4:55  Roach  
  52  4:56  Roach x5  
  52  4:57  Roach  
  52  4:58  Baneling x2  
  65  5:01  Overlord  
  65  5:02  Baneling  
  65  5:06  Roach  
  67  5:08  Zergling x2  
  67  5:09  Zergling x2  
  67  5:11  Zergling x2  
  67  5:12  Zergling x2  
  71  5:18  Zergling x2  
  71  5:20  Baneling x2  
  71  5:27  Zergling x16  
  79  5:28  Zergling x2  
  80  5:40  Zergling x2  
  80  5:41  Zergling x10  
  85  5:49  Zergling x6  
  88  5:55  Baneling x9  
  88  5:58  Baneling  
  88  6:02  Overlord  
  86  6:05  Zergling x12  
  86  6:06  Zergling x4  
  87  6:16  Baneling x2, Zergling x12  

Tags
 
Add a new tag
Caveats
  • Supply blocks, unpowered buildings, or Contaminate may cause inaccurate times.
  • Supply counts are checked every 10 seconds.